 Dungeon Crawl Stone Soup version 0.18.1-50-g88ac8fd (webtiles) character file.

125 Gargoyl the Skirmisher (level 4, 0/54 HPs)
             Began as a Demonspawn Abyssal Knight on Oct 3, 2016.
             Was a Believer of Lugonu.
             Slain by Natasha (6 damage)
             ... on level 3 of the Dungeon.
             The game lasted 00:05:51 (3040 turns).

Gargoyl the Skirmisher (Demonspawn Abyssal Knight)  Turns: 3040, Time: 00:05:52

Health: 0/54       AC: 22    Str: 13    XL:     4   Next: 82%
Magic:  6/6        EV:  2    Int: 13    God:    Lugonu [**....]
Gold:   264        SH:  0    Dex: 13    Spells: 0 memorised, 3 levels left

rFire  . . .     SeeInvis .     a - +1 hand axe
rCold  . . .     Gourm    .     (armour currently unavailable)
rNeg   + + +     Faith    .     (no shield)
rPois  +         Spirit   .     (helmet currently unavailable)
rElec  .         Dismiss  .     (cloak currently unavailable)
rCorr  .         Reflect  .     (gloves currently unavailable)
SustAt .         Harm     .     (boots currently unavailable)
MR     .....     NoTele   +     (no amulet)
Stlth  +.........               (no ring)
                                (no ring)

@: confused, tree-form, not resistant to hostile enchantments, very unstealthy
A: (talons 0), rot immunity
a: Depart the Abyss, Bend Space, Renounce Religion


You were on level 3 of the Dungeon.
You worshipped Lugonu.
Lugonu was pleased with you.
You were very hungry.
You were a tree.
You visited 1 branch of the dungeon, and saw 3 of its levels.
You visited the Abyss 1 time.

You collected 264 gold pieces.

Inventory:

Hand Weapons
 a - a +1 hand axe (weapon)
Armour
 b - a +0 leather armour
 e - a +0 plate armour (melded)
Jewellery
 f - a cursed ring of loudness {unknown}
Scrolls
 g - 2 scrolls of identify {unknown}
 h - a scroll of magic mapping {unknown}
 i - 2 scrolls of immolation {unknown}
 j - a scroll of fear {unknown}
 k - a scroll of noise {unknown}
 l - a scroll of enchant weapon {unknown}
 m - 3 scrolls of random uselessness {unknown}
 n - 3 scrolls of remove curse {unknown}
 t - a scroll of fog {unknown}
Potions
 o - a potion of lignification
 s - a potion of cure mutation {unknown}
 u - a potion of might {unknown}
Comestibles
 c - 3 bread rations
 d - 3 fruits
 q - a slice of pizza


   Skills:
 + Level 3.6 Fighting
 + Level 2.2 Axes
 * Level 3.2 Armour
 + Level 1.1 Dodging
 * Level 3.6 Invocations


You had 3 spell levels left.
You didn't know any spells.

Dungeon Overview and Level Annotations

Branches:
Dungeon (3/15)

Altars:
Xom

Annotations:
D:3 Natasha; veneficus's ghost, amateur HEFi


Innate Abilities, Weirdness & Mutations

((You have sharp toenails.))
You are immune to rotting.


Message History

You feel better. The dart slug launches a dart at you. The slug dart hits you!
The adder bites you but does no damage. Natasha claws you.
* * * LOW HITPOINT WARNING * * *
Drink which item? (? for menu, Esc to quit)
It was a potion of lignification.
You turn into a tree.
Your +0 plate armour melds into your body.
Your roots penetrate the ground.
The adder bites you but does no damage. Natasha claws you.
* * * LOW HITPOINT WARNING * * *
The dart slug launches a dart at you. The slug dart hits you!
* * * LOW HITPOINT WARNING * * *
Drink which item? (? for menu, Esc to quit)
It was a potion of ambrosia.
You are confused.
You feel invigorated. The adder bites you but does no damage.
Natasha claws you.
You die...

####+# .#.# #.
.. ..# #.# .#..
# .. .#.#.# .#.#
.. ..... .....
#.#.##.....
.......... #
.........
#.###Sw..#
#...h♣##.#..
#...<........
.........#......
####.....#......
#...... .###.
#....###.#
#..... . #....#
.$ #....#


You could see Natasha, an adder and a dart slug.

Vanquished Creatures
  4 gnolls
  2 adders (D:2)
  2 worms (D:2)
  2 giant geckos
  A ball python (D:2)
  4 bats
  2 giant cockroaches (D:2)
  6 goblins
  9 hobgoblins
  8 jackals (D:2)
  8 kobolds
  A quokka (D:3)
  2 giant newts
  7 rats
58 creatures vanquished.

Notes
Turn   | Place    | Note
--------------------------------------------------------------
     0 | Abyss:1  | Gargoyl the Demonspawn Abyssal Knight began the quest for the Orb.
     0 | Abyss:1  | Reached XP level 1. HP: 18/18 MP: 2/2
   121 | Abyss:3  | Noticed a dire elephant
   121 | Abyss:3  | Noticed a dire elephant
   121 | Abyss:3  | Noticed a hellephant
   121 | Abyss:3  | Noticed a dire elephant
   121 | Abyss:3  | Noticed an elephant
   121 | Abyss:3  | Noticed a dire elephant
   123 | Abyss:3  | Noticed a dire elephant
   175 | Abyss:3  | Noticed a chaos spawn
   242 | Abyss:3  | Noticed a ynoxinul
   246 | D:1      | Escaped the Abyss
   695 | D:1      | Gained mutation: You have sharp toenails. [demonic ancestry]
   695 | D:1      | Reached XP level 2. HP: 19/24 MP: 3/3
   865 | D:1      | Reached * piety under Lugonu
  1458 | D:1      | Reached skill level 1 in Dodging
  1458 | D:1      | Gained mutation: You are immune to rotting. [demonic ancestry]
  1458 | D:1      | Reached XP level 3. HP: 15/29 MP: 5/5
  1771 | D:2      | Reached XP level 4. HP: 32/35 MP: 6/6
  1969 | D:2      | Found a shimmering altar of Xom.
  2677 | D:3      | Reached ** piety under Lugonu
  2776 | D:3      | Noticed veneficus's ghost (amateur HEFi)
  3031 | D:3      | Noticed Natasha
  3039 | D:3      | HP: 2/54 [dart slug/slug dart (4)]
  3040 | D:3      | Slain by Natasha

Skill      XL: |  1  2  3  4 |
---------------+-------------+-----
Armour         | 2 3 |  3.2
Axes           | 2 |  2.2
Dodging        | 1 |  1.1
Invocations    | 3 |  3.6
Fighting       | |  3.6

Action                   |  1- 3 |  4- 6 || total
-------------------------+-------+-------++-------
Melee: Hand axe          |    92 |   151 ||   243
       Kick              |    18 |    37 ||    55
Invok: Depart the Abyss  |     1 |       ||     1
  Use: Potion            |     2 |     4 ||     6
  Eat: Chunk             |     3 |     3 ||     6
Armor: Plate armour      |    80 |   152 ||   232
       Skin              |       |     2 ||     2
Dodge: Dodged            |    21 |    30 ||    51
